Cogmind - Beta 13 @@@ ROGUE MODE // 2024.04.19 @ 17:18:37 Player: Body_Elektric Result: Self-destructed Performance ------------- Evolutions (2) 1000 Regions Visited (5) 1000 Robots Destroyed (47) 235 Value Destroyed (612) 612 Prototype IDs (29) 580 Alien Tech Used (0) 0 Bonus (279) 279 TOTAL SCORE: 3706 Bonus ------- Follower Combat Kills 103 Aligned with FarCom 300 Friendly Fire -124 Cogmind --------- Core Integrity 520/550 Matter 36/300 Energy 28/250 System Corruption 0% Temperature Cool (0) Movement Treading (320) Ox2 Location -8/Materials Parts ------- > --- POWER (1) -------- Ion Engine > --- PROPULSION (4) --- Light Treads > --- UTILITY (4) ------ Improved Cooling System High-capacity Storage Unit Utility Shielding Hacking Suite > --- WEAPON (2) ------- Particle Cannon Battle Cannon > --- INVENTORY (20) --- High-capacity Matter Pod (200) Seismic Detector Seismic Detector Firepult Light Assault Rifle Light Assault Rifle Grenade Launcher Rocket Launcher Datajack Scythe Peak State ------------ > --- POWER ------------ Ion Engine > --- PROPULSION ------- Light Treads Light Treads > --- UTILITY ---------- Improved Cooling System High-capacity Storage Unit Utility Shielding Hacking Suite > --- WEAPON ----------- Particle Cannon Battle Cannon > --- INVENTORY -------- Ion Engine High-capacity Matter Pod Seismic Detector Seismic Detector Firepult Light Assault Rifle Light Assault Rifle Grenade Launcher Rocket Launcher Datajack Scythe [Rating: 19] Favorites ----------- Power Ion Engine Engine Ion Engine Propulsion Light Treads Treads Light Treads Leg Aluminum Leg Wheel Wheel Flight Unit VTOL Module Utility High-capacity Storage Unit Device Seismic Detector Storage High-capacity Storage Unit Hackware Hacking Suite Protection Core Shielding Weapon Light Assault Rifle Energy Gun Shock Rifle Energy Cannon Particle Cannon Ballistic Gun Light Assault Rifle Ballistic Cannon Light Cannon Launcher Rocket Launcher Special Weapon Mining Laser Special Melee Weapon Datajack Build | -11 -10 -10 -10 -9 -8 ------- Run | Yrd Mat Min Exi Min Mat Slots Evolved 4 | . . . . . 4 Power . | . . . . . . Propulsion 2 | . . . . . 2 Utility 2 | . . . . . 2 Weapon . | . . . . . . Parts Attached 52 | 7 16 6 2 4 17 Power 4 | 1 2 . . . 1 Engine 4 | 1 2 . . . 1 Core . | . . . . . . Reactor . | . . . . . . Propulsion 13 | 2 5 2 . . 4 Treads 8 | 2 3 1 . . 2 Leg 1 | . . 1 . . . Wheel 2 | . . . . . 2 Hover . | . . . . . . Flight 2 | . 2 . . . . Utility 9 | 2 2 . . 1 4 Device 3 | 1 1 . . . 1 Storage 2 | 1 1 . . . . Processor . | . . . . . . Hackware 1 | . . . . . 1 Protection 3 | . . . . 1 2 Artifact . | . . . . . . Weapon 26 | 2 7 4 2 3 8 Energy Gun 1 | . . . . . 1 Energy Cannon 1 | . . . . . 1 Ballistic Gun 6 | 2 4 . . . . Ballistic Cannon 10 | . 1 2 2 2 3 Launcher 3 | . . . . 1 2 Special Weapon 4 | . 1 2 . . 1 Impact Weapon . | . . . . . . Slashing Weapon . | . . . . . . Piercing Weapon . | . . . . . . Special Melee Weapon 1 | . 1 . . . . Unidentified Prototypes . | . . . . . . Parts Lost 8 | . 2 . . . 6 Power 1 | . . . . . 1 Propulsion 3 | . . . . . 3 Utility 1 | . . . . . 1 Weapon 3 | . 2 . . . 1 Highest Loss Streak 6 | . 1 . . . 6 To Critical Strikes 1 | . 1 . . . . Average Slot Usage (%) 97 | . 99 99 71 100 92 Engine 13 | . 14 14 14 14 8 Treads 27 | . 27 27 28 28 21 Device 11 | . 13 14 14 . . Storage 13 | . 14 14 14 14 9 Protection 2 | . . . . 13 14 Ballistic Gun 12 | . 25 5 . . . Ballistic Cannon 11 | . 1 22 . 27 16 Naked Turns . | . . . . . . Heaviest Build 55 | 14 51 52 52 53 55 Greatest Support 60 | 40 40 40 40 40 60 Greatest Overweight (x) 2 | . 1 1 1 1 2 Average Overweight (x) . | . . 1 1 1 1 Largest Inventory Capacity 20 | 8 20 20 20 20 20 Average Capacity 18 | 7 19 20 20 20 20 Most Carried 19 | 5 15 18 19 16 16 Average Carried 13 | 3 11 15 17 15 14 Final Capacity 20 | 8 20 20 20 20 20 Final Carried 17 | 4 13 17 15 16 11 Class Distribution -------------------- 91% | Mutant 8% | Scavenger-Mutant Dominant Class ---------------- Mutant | -10/Materials Mutant | -10/Mines Mutant | -10/Exiles Mutant | -9/Mines Mutant | -8/Materials Resources | -11 -10 -10 -10 -9 -8 ----------- Run | Yrd Mat Min Exi Min Mat Matter Collected 1503 | 374 350 466 . 139 174 Remotely . | . . . . . . Salvage Created 861 | 219 330 213 . 36 63 Parts 74 | 17 29 19 . 6 3 Haulers Intercepted 2 | . 2 . . . . Recyclers Shooed 1 | 1 . . . . . Parts Field Recycled . | . . . . . . Retrieved Matter . | . . . . . . Parts Self-Destructed . | . . . . . . Prevented . | . . . . . . Kills | -11 -10 -10 -10 -9 -8 ------- Run | Yrd Mat Min Exi Min Mat Combat Hostiles Destroyed 27 | . 9 10 . 4 4 Guns 14 | . 8 6 . . . Cannons 9 | . 1 4 . 1 3 AOE 4 | . . . . 3 1 Classes Destroyed 10 | 3 6 . . . 1 Worker 3 | 1 1 1 . . . Builder 1 | . 1 . . . . Tunneler 9 | 7 . 1 . 1 . Hauler 2 | . 2 . . . . Recycler 2 | 1 . 1 . . . Operator 1 | . 1 . . . . Watcher 2 | . 2 . . . . Swarmer 21 | . 8 9 . 3 1 Grunt 5 | . 1 1 . 1 2 Sentry 1 | . . . . . 1 Best Kill Streak 4 | 2 3 3 . 4 1 Combat Bots Only 4 | . 3 3 . 4 1 Max Kills in Single Turn 2 | 1 1 1 . 2 1 Gunslinging . | . . . . . . Exploded 2 | . . . . 2 1 Melee . | . . . . . . Uniques/NPCs Destroyed . | . . . . . . Combat | -11 -10 -10 -10 -9 -8 -------- Run | Yrd Mat Min Exi Min Mat Hostile Shots Fired 146 | . 60 30 . 4 52 Missed 43 | . 19 11 . 2 11 Damage Taken 1282 | . 404 155 . 24 699 Core 133 | . 86 7 . 10 30 Absorbed by Shields . | . . . . . . Redirected to Shielding 4 | . . . . 2 2 Regen/Repaired (Parts) 89 | . 89 . . . . Core Remaining (%) 79 | 100 . . . 58 . Volleys Fired 164 | 27 68 29 . 4 36 Largest 2 | 2 2 2 . 2 2 Hottest 107 | 40 100 100 . 74 107 Shots Fired 301 | 54 131 50 . 7 59 Gun 189 | 54 115 20 . . . Cannon 99 | . 12 27 . 5 55 Launcher 5 | . . . . 2 3 Special 8 | . 4 3 . . 1 Kinetic 279 | 54 127 47 . 5 46 Thermal 17 | . 4 3 . . 10 Explosive 5 | . . . . 2 3 Electromagnetic . | . . . . . . Robot Hit Streak 16 | 10 16 6 . 1 10 Robot Miss Streak 7 | 2 6 7 . 4 4 Penetration Max . | . . . . . . Secondary Targets . | . . . . . . Shots Hit Robots 161 | 35 72 19 . 1 34 Core Hits 70 | 15 24 13 . 6 12 Critical Kills 1 | 1 . . . . . Critical Parts Destroyed 1 | 1 . . . . . Critical Strikes 3 | 2 . . . . 1 Destroy 2 | 2 . . . . . Blast 1 | . . . . . 1 Melee Attacks 1 | . 1 . . . . Impact . | . . . . . . Slashing . | . . . . . . Piercing . | . . . . . . Sneak Attacks 1 | . 1 . . . . Combat Hostiles . | . . . . . . Follow-up Attacks . | . . . . . . Damage Inflicted 2507 | 361 743 290 . 292 821 Guns 1096 | 361 647 88 . . . Cannons 901 | . 72 184 . 38 607 Explosions 466 | . . . . 252 214 Melee . | . . . . . . Ramming 20 | . . 18 . 2 . Kinetic 1874 | 361 719 272 . 38 484 Thermal 147 | . 24 . . . 123 Explosive 466 | . . . . 252 214 Electromagnetic . | . . . . . . Impact . | . . . . . . Slashing . | . . . . . . Piercing . | . . . . . . Highest Corruption 2 | . 2 2 2 2 . Average Corruption 2 | . 2 2 2 2 . Corruption Purged . | . . . . . . Corruption Blocked . | . . . . . . Effects 73 | . 25 29 6 13 . Message Errors 19 | . 7 8 3 1 . Matter Fused 18 | . 6 8 . 4 . Heat Flow Errors 9 | . 2 5 1 1 . Energy Discharges 11 | . 6 2 . 3 . Data Loss (minor) 10 | . 1 5 1 3 . Data Loss (major) 2 | . 1 . 1 . . Misfires 4 | . 2 1 . 1 . Overload Shots . | . . . . . . Overflow Damage 76 | . 13 . . 20 43 Projectiles 31 | . 13 . . . 18 Explosions 45 | . . . . 20 25 Melee . | . . . . . . Knockbacks 6 | . 2 2 . 1 1 Impact . | . . . . . . Kinetic 6 | . 2 2 . 1 1 Secondary . | . . . . . . Self-Inflicted Damage 25 | . . . . . 25 Shots 1 | . . . . . 1 Rammed 2 | . . 1 . 1 . Targets Rammed 5 | . . 3 . 2 . Kicked . | . . . . . . Crushed 3 | . . 2 . 1 . Highest Temperature 256 | . 169 256 190 162 173 Average Temperature 59 | . 49 57 104 56 62 Received Heat Transfer 330 | . 12 18 . 12 288 Effects 2 | . . 2 . . . Energy Bleed 1 | . . 1 . . . Interference 1 | . . 1 . . . Siege Activations . | . . . . . . Robots Corrupted . | . . . . . . Combat Hostiles . | . . . . . . Parts Fried . | . . . . . . Impact Corruptions . | . . . . . . Robots Melted . | . . . . . . Combat Hostiles . | . . . . . . Parts Melted . | . . . . . . Heat Transferred 272 | . 50 . . . 222 Parts Sabotaged . | . . . . . . Parts Stolen . | . . . . . . Parts Stripped . | . . . . . . Power Chain Reactions . | . . . . . . Alert | -11 -10 -10 -10 -9 -8 ------- Run | Yrd Mat Min Exi Min Mat Peak Influence 203 | 40 102 140 . 188 203 Initial 14 | . 3 . . . 14 Average 28 | 16 22 26 . 27 87 Maximum Alert Level 1 | . . . . . 1 Low Security (%) 98 | 100 100 100 . 100 79 Level 1 1 | . . . . . 20 Level 2 . | . . . . . . Level 3 . | . . . . . . Level 4 . | . . . . . . Level 5 . | . . . . . . High Security . | . . . . . . Max Security . | . . . . . . Squads Dispatched 4 | . 2 . . 1 1 Investigation 2 | . . . . 1 1 Extermination . | . . . . . . Reinforcement 2 | . 2 . . . . Assault . | . . . . . . Garrison . | . . . . . . Intercept . | . . . . . . Searches Triggered . | . . . . . . Construction Impeded . | . . . . . . Haulers Reinforced . | . . . . . . Active Scanning Responses . | . . . . . . Cargo Convoy Interrupts . | . . . . . . Stealth | -11 -10 -10 -10 -9 -8 --------- Run | Yrd Mat Min Exi Min Mat Distress Signals 2 | . 2 . . . . Communications Jammed . | . . . . . . Distress Signals . | . . . . . . Times Spotted 58 | . 27 11 . 6 14 Peak Tracking Total 5 | . 4 3 . 5 5 Tactical Retreats 3 | . 1 1 . . 1 Traps | -11 -10 -10 -10 -9 -8 ------- Run | Yrd Mat Min Exi Min Mat Traps Triggered 5 | . 4 . . . 1 Indirectly . | . . . . . . Trap Hack Attempts 16 | . 16 . . . . Triggered . | . . . . . . Disarmed . | . . . . . . Reprogrammed 2 | . 2 . . . . Reused . | . . . . . . Traps Extracted . | . . . . . . Installed 4 | . . 4 . . . Triggered . | . . . . . . Most Traps Carried 4 | . . 4 . . . Machines | -11 -10 -10 -10 -9 -8 ---------- Run | Yrd Mat Min Exi Min Mat Machines Disabled 1 | . . . . . 1 Max in Single Turn 1 | . . . . . 1 Machines Repaired . | . . . . . . Machines Dismantled . | . . . . . . Machines Sabotaged . | . . . . . . Overloaded Fab Kills . | . . . . . . Hacking | -11 -10 -10 -10 -9 -8 --------- Run | Yrd Mat Min Exi Min Mat Machines Accessed 13 | . 7 1 1 1 3 Terminals 10 | . 6 1 . . 3 Fabricators . | . . . . . . Repair Stations 1 | . 1 . . . . Recycling Units . | . . . . . . Scanalyzers . | . . . . . . Garrison Access . | . . . . . . Total Hacks 31 | . 19 2 1 1 8 Successful 17 | . 12 . 1 1 3 Failed 14 | . 7 2 . . 5 Catastrophic 2 | . 1 1 . . . Database Lockouts . | . . . . . . Manual 16 | . 7 2 1 . 6 Terminals 25 | . 15 2 . . 8 Fabricators . | . . . . . . Repair Stations 4 | . 4 . . . . Recycling Units . | . . . . . . Scanalyzers . | . . . . . . Garrison Access . | . . . . . . Terminal Hacks 9 | . 5 . 1 1 2 Part Schematic 1 | . 1 . . . . Prototype ID Bank 3 | . 2 . . . 1 Open Door 1 | . . . . 1 . Locate Traps 2 | . 2 . . . . Recall Investigation 1 | . . . . . 1 Derelict Proto ID Bank 1 | . . . 1 . . Fabricator Hacks . | . . . . . . Repair Station Hacks 4 | . 4 . . . . Scan Component 2 | . 2 . . . . Repair 2 | . 2 . . . . Recycling Unit Hacks . | . . . . . . Scanalyzer . | . . . . . . Garrison Access Hacks . | . . . . . . Unauthorized Hacks 4 | . 3 . . . 1 Terminals 4 | . 3 . . . 1 Botnet 4 | . 3 . . . 1 Fabricators . | . . . . . . Repair Stations . | . . . . . . Recycling Units . | . . . . . . Scanalyzers . | . . . . . . Garrison Access . | . . . . . . Data Cores Recovered . | . . . . . . Used . | . . . . . . Hacking Detections 10 | . 6 1 . . 3 Full Trace Events 1 | . . 1 . . . Feedback Events . | . . . . . . Feedback Blocked . | . . . . . . Robot Schematics Acquired . | . . . . . . Robots Built . | . . . . . . Authchips . | . . . . . . Time . | . . . . . . Total Robot Build Rating . | . . . . . . Part Schematics Acquired 1 | . 1 . . . . Parts Built . | . . . . . . Authchips . | . . . . . . Time . | . . . . . . Total Part Build Rating . | . . . . . . Parts Repaired 2 | . 2 . . . . Time 52 | . 52 . . . . Parts Recycled . | . . . . . . Recycled Matter . | . . . . . . Retrieved Matter . | . . . . . . Retrieved Components . | . . . . . . Parts Scanalyzed . | . . . . . . Part Schematics Acquired . | . . . . . . Parts Damaged . | . . . . . . Bothacking | -11 -10 -10 -10 -9 -8 ------------ Run | Yrd Mat Min Exi Min Mat Used RIF Installer . | . . . . . . Robots Hacked . | . . . . . . Non-combat . | . . . . . . Combat . | . . . . . . Robot Hacks Applied . | . . . . . . Relay Couplers Released . | . . . . . . Fabnet Peak Effective % . | . . . . . . Robots Rewired . | . . . . . . Allies Hacked . | . . . . . . Hacks Repelled . | . . . . . . Allies | -11 -10 -10 -10 -9 -8 -------- Run | Yrd Mat Min Exi Min Mat Total Allies 3 | . . . . 3 . Largest Group 3 | . . . . 3 2 Highest-Rated Group 40 | . . . . 40 32 Highest-Rated Ally 16 | . . . . 16 16 Total Orders . | . . . . . . Ally Attacks 32 | . . . . 11 21 Total Damage 329 | . . . . 114 215 Kills 7 | . . . . 3 4 Allies Corrupted . | . . . . . . Allies Melted . | . . . . . . Intel | -11 -10 -10 -10 -9 -8 ------- Run | Yrd Mat Min Exi Min Mat Robot Analysis Total . | . . . . . . Derelict Logs Recovered 3 | . . 1 . 2 . Drone Launches . | . . . . . . Drone Recoveries . | . . . . . . Exploration | -11 -10 -10 -10 -9 -8 ------------- Run | Yrd Mat Min Exi Min Mat Turns Passed 8686 | 486 3661 2522 545 940 532 Spaces Moved 3534 | 249 1432 964 226 383 280 Core 5 | 5 . . . . . Treads 3342 | 244 1429 964 226 383 96 Legs . | . . . . . . Wheels 184 | . . . . . 184 Hover . | . . . . . . Flight 3 | . 3 . . . . Fastest Speed 50 | 50 112 240 240 240 110 Average Speed 222 | 157 231 240 240 240 131 Slowest Speed 240 | 160 240 240 240 240 240 Overloaded Moves . | . . . . . . Propulsion Burnouts . | . . . . . . Robots Hopped . | . . . . . . Cave-ins Triggered . | . . . . . . Exploration Rate (%) 58 | 10 99 91 61 71 17 Regions Visited 5 Branch Regions 3 Pre-discovered Areas 1 | . . 1 . . . Known Exits Taken . | . . . . . . Unknown Exits Taken 5 | 1 1 1 1 1 . Scrap Searched 4 | . . 2 . 2 . Spaces Dug 9 | . 2 4 . . 3 Terrain Destroyed 49 | . 3 4 . 10 32 Melee . | . . . . . . Projectile 12 | . 3 4 . . 5 AOE 37 | . . . . 10 27 Terrain Rammed . | . . . . . . Walls Destroyed . | . . . . . . Machines Disabled . | . . . . . . Actions | -11 -10 -10 -10 -9 -8 --------- Run | Yrd Mat Min Exi Min Mat Total 4065 | 292 1649 1119 230 394 381 Wait 234 | . 94 100 . . 40 Move 3529 | 248 1431 963 225 382 280 Hop . | . . . . . . Pick Up 33 | 7 13 7 1 1 4 Fast Attach 15 | 7 6 . . 1 1 Attach 15 | . 4 . 2 . 9 Detach 4 | . 2 2 . . . Swap 22 | . 6 6 . 3 7 Drop 23 | 3 8 5 2 1 4 Fire 164 | 27 68 29 . 4 36 Melee 1 | . 1 . . . . Ram . | . . . . . . Kick . | . . . . . . Crush 5 | . . 3 . 2 . Escape Stasis . | . . . . . . Rewire . | . . . . . . Trap 20 | . 16 4 . . . Miscellaneous . | . . . . . . Route ------- -11/Scrapyard -10/Materials (discovered 5 exits: [*Mat x3] / *Min / [*Sub]) -10/Mines (discovered 3 exits: [*Mat] / *Exi / [*Sub]) -10/Exiles -9/Mines (discovered 2 exits: *Mat x2) -8/Materials History --------- Turn | Location | Event 20 | -11/Scrapyard | Discovered new exit (range 16) 487 | -11/Scrapyard | Entered Materials 488 | -10/Materials | Build established: Mutant 730 | -10/Materials | Discovered new exit (range 9) 1579 | -10/Materials | Discovered new exit (range 3) 1894 | -10/Materials | Discovered new exit (range 5) 2198 | -10/Materials | Repaired Seismic Detector 2225 | -10/Materials | Repaired Lgt. Treads 2307 | -10/Materials | Discovered new exit (range 16) 2493 | -10/Materials | Build established: Scavenger-Mutant 2824 | -10/Materials | Build established: Mutant 2941 | -10/Materials | Discovered new exit (range 9) 4148 | -10/Materials | Entered Mines 4776 | -10/Mines | Learned location of Zion (-7) 4824 | -10/Mines | Discovered new exit (range 8) 4941 | -10/Mines | Found a hidden stash of uninstalled traps 5172 | -10/Mines | Discovered new exit (range 6) 6232 | -10/Mines | Received a Rocket Launcher from a helpful Derelict 6656 | -10/Mines | Deemed a non-threat by the Exiles lab entrance 6658 | -10/Mines | Discovered new exit (range 5) 6670 | -10/Mines | Entered Exiles 6730 | -10/Exiles | Met 8R-AWN 6771 | -10/Exiles | Met EX-HEX 6841 | -10/Exiles | Met EX-BIN 6870 | -10/Exiles | Aligned with FarCom system 6872 | -10/Exiles | Given EX-Vault access code 6958 | -10/Exiles | Opened EX-Vault 6985 | -10/Exiles | Found Firepult 7036 | -10/Exiles | Warned to stay clear of 0b10 Research branches 7103 | -10/Exiles | Met EX-DEC 7187 | -10/Exiles | Discovered new exit (range 10) 7215 | -10/Exiles | Left Exiles lab with Firepult 7215 | -10/Exiles | Entered Mines 7361 | -9/Mines | A weapon hastily lodged in a ceiling crevice suddenly fell to the ground 7404 | -9/Mines | Learned Materials garrison access intel 7545 | -9/Mines | Learned Materials terminal intel 7649 | -9/Mines | Assisted by bots powering up and referring to "LRC-V3" 7880 | -9/Mines | Met a Derelict shopkeep closing up shop 7951 | -9/Mines | Discovered new exit (range 16) 8020 | -9/Mines | Discovered new exit (range 11) 8155 | -9/Mines | Entered Materials 8155 | -8/Materials | Accompanied by 2 allies 8155 | -8/Materials | Evolved 4 slots: Propulsion x2, Utility x2 8156 | -8/Materials | Loaded intel: 12 terminal locations 8157 | -8/Materials | Loaded intel: 1 garrison access location 8687 | -8/Materials | Self-destructed Last Messages --------------- 08496_ Acquired 2 matter. 08503_ Acquired 5 matter. 08519_ Acquired 2 matter. 08526_ R-06 Scavenger collects Heat Sink. 08603_ Connecting with Terminal... 08631_ C-30 ARC bursts open, deploying its payload. 08631_ G-50 Soldier unfolds itself. 08631_ G-47 Trooper unfolds itself. 08633_ G-47 Trooper knocked back. 08640_ Lgt. Armor Plating destroyed. 08642_ G-47 Trooper destroyed. 08642_ Terminal disabled. 08644_ Wheel destroyed. 08645_ U-05 Engineer builds a Wall. 08658_ Lgt. Cannon destroyed. 08668_ Lgt. Treads destroyed. 08670_ Ion Engine destroyed. 08670_ Destroyed Lgt. Angular Momentum Engine. 08680_ G-50 Soldier destroyed. 08684_ Lgt. Treads destroyed. Map ----- +----------------------------------------------------+ | ???????????????????????"T"???????????????????????? | | ?????????????????????????????????????????????????? | | ?????????????????????????????????????????????????? | | ?????????????????????????????????????????????????? | | ?????????????????????????????????????????????????? | | ?????????????????????????????????????????????????? | | ?????????????????????????????????????????????????? | | ?????????????????????????????????????????????????? | | ?????????????????????????????????????????????????? | | ????????????????????????????????h????????????????? | | ?????????????????????????????????????????????????? | | ????????????????????????????????????? ????????? | | ???????????????????????????????????? #???????? | | ????????????????????????????????????# #???????? | | ????????????????????????????????????# #???????? | | ????????????????????????????????????# #???????? | | ????????????????""??????????????????/ #???????? | | ????????????????"T?#+########???????# #???????# | | ????????????????""?# #???????# #???????# | | ???????????????????# / #???????# #???????# | | ???????????????????# #???????# % #???????# | | ???????????????????# #???????# #???????# | | ???????????????????####/##+##???????# #???????# | | ??????????????????????# %##???????# #???????# | | ??????????????????????# ##g%###?????# #???????# | | ??????????????????????#?#@%u% ####### #???????# | | ????????????????????????# !%[%;# # ##??????# | | ????????????????????????#! /%*##/[[ # ######### | | ????????????????????????# ##/[[ # | | ????????????????????????########|[ # ########## | | ???????????????????????????????# + ########?# | | ???????????????????????????????#"" # # #?# | | ???????????????????????????????#"T # # """ #?? | | ???????????????????????????????#"" # # """ #?? | | ???????????"T"???"T"???????????# # # """ #?? | | ???????????????????????????????#### # # ### | | ??????????????????????????????????### # | | ????????????????????????????????????# ###+###### | | ????????????????????????????????????# | | ????????????????????????????????????# | | ???????????????????????????????Y????# | | ????????????????????????????????????# ###+###### | | ??????????????????????????"T"???????# ## ## # | | ??????????????????????????"""???????# ## " #??? | | ????????????????????????????????????# ## T #??? | | ????????????????????????????????????# ## " #??? | | ????????????????????????????????????# ## #??? | | ????????????????????????????????????# ## #??? | | ????????????????????????????????????# ## #??? | | ????????????????????????????????????# ## #??? | +----------------------------------------------------+ Best States ------------- Heat Dissipation 58 Energy Generation 10 Energy Capacity 250 Matter Stores 300 Matter Capacity 300 Sight Range 16 Terrain Scan Density 10 Armor Coverage 150 Core Shielding 20 Utility Shielding 33 Evasion (%) 40 Recoil Reduction 3 Offensive Hacking 10 Item Schematics ----------------- Lrg. Storage Unit | -10/Materials | Hacked Robot Schematics ------------------ None Fabricated ------------ Nothing Alien Tech Used ----------------- None Achievements -------------- None Challenges ------------ None Game ------ Seed ThrowingDataDriver Manual? 0 Play Time 00:57:17 Cumulative 37.3 hours Start 2024.04.19 @ 02:58:57 End 2024.04.19 @ 17:18:37 Sessions 2 Manual Loads 0 Difficulty Rogue Special Mode None Game No. 21 Rogue 21 Adventurer 0 Explorer 0 Win Type - Total 0 Types 0/0/0/0/0/0/0/0/0 Lore% 27 Gallery% 28 Achievement% 25 Wizard Run 0 Options --------- Layout 1 ASCII 0 Keyboard 0 Movement Arrows Keybinds 0 Fullscreen 1 Font 16/SmallcapsGlow Map View 55x38 Zoom Use 0% Tactical HUD 1 Map Filters NONE Filters NONE Steam 0 RUN: dfdd0cc1-e3e3-4e38-8ffe-8577f09c5f26